AoeStats
← DRdaykhair

Black Forest

510128805Analyzed
2v2 RM · 3d ago on Sep 29, 2026· 102m 29s· 4 players
Game mode
Random Map
Map size
Medium (4 player)
Population
200
Speed
Normal
Resources
Standard
Victory
Conquest
Starting age
Dark Age
Ending age
Imperial Age
RankedLock teamsTeams togetherTeam positionsShared explorationLock speedFull tech treeHidden civsTurbo modeCheats
Victory
Defeat
🇮🇪 Inca · Ireland
479
+10
🇪🇸 Khmer · Spain
465
+11
🇮🇳 Sicilians · India
391
-12
🇺🇸 Britons · United States
314
-9
Termenta
0:37 Loom
Rooker
0:31 Loom
12:30 Feudal Age
18:29 Wheelbarrow
19:52 Town Watch
25:28 Castle Age
24:10 Horse Collar
24:15 Double-Bit Axe
24:21 Gold Mining
24:22 Stone Mining
24:32 Double-Bit Axe
24:39 Stone Mining
24:40 Gold Mining
26:39 Hand Cart
28:08 Squires
30:58 Town Patrol
35:30 Elite Skirmisher
36:02 Arson
36:21 Padded Archer Armor
39:42 Heavy Plow
40:04 Bow Saw
40:31 Gold Shaft Mining
40:32 Stone Shaft Mining
42:36 Leather Archer Armor
42:22 Scale Mail Armor
42:32 Forging
42:13 Fletching
42:41 Andean Sling
47:49 Imperial Age
45:37 Thumb Ring
44:55 Crossbowman
50:21 Hoardings
49:06 Elite Kamayuk
50:08 Conscription
49:49 Fabric Shields
56:07 Arbalester
57:26 Crop Rotation
57:31 Ring Archer Armor
57:17 Chain Mail Armor
57:37 Iron Casting
56:58 Bodkin Arrow
58:06 Capped Ram
65:14 Onager
65:15 Siege Ram
91:23 Bracer
92:23 Blast Furnace
91:54 Plate Mail Armor
DRdaykhair
0:30 Loom
13:48 Feudal Age
15:05 Wheelbarrow
14:24 Double-Bit Axe
15:50 Horse Collar
16:37 Fletching
17:46 Gold Mining
19:08 Padded Archer Armor
19:55 Town Watch
31:38 Castle Age
30:34 Forging
30:26 Scale Mail Armor
31:52 Scale Barding Armor
32:22 Bodkin Arrow
33:20 Squires
33:37 Heavy Plow
34:16 Coinage
34:21 Husbandry
36:13 Hand Cart
35:44 Elite Skirmisher
38:20 Stone Mining
38:57 Bow Saw
41:04 Caravan
41:04 Pikeman
41:32 Gambesons
41:34 Arson
42:08 Leather Archer Armor
42:13 Treadmill Crane
42:24 Guard Tower
42:27 Heated Shot
43:22 Gold Shaft Mining
45:58 Iron Casting
45:39 Chain Mail Armor
45:46 Chain Barding Armor
47:22 Yeomen
46:31 Crossbowman
52:18 Imperial Age
53:34 Ring Archer Armor
53:05 Bracer
53:00 Arrowslits
53:11 Murder Holes
53:53 Keep
54:20 Chemistry
53:31 Fortified Wall
53:33 Masonry
53:44 Ballistics
53:30 Siphons
55:40 Banking
55:22 Guilds
54:39 Cranequins
57:02 Conscription
57:18 Hoardings
56:46 Warwolf
56:54 Capped Ram
58:29 Plate Mail Armor
60:35 Siege Engineers
61:02 Architecture
60:06 Cavalier
60:39 Halberdier
62:24 Blast Furnace
64:17 Town Patrol
65:26 Elite Longbowman
69:13 Plate Barding Armor
68:49 Arbalester
73:16 Two-Man Saw
89:41 Light Cavalry
98:45 Heavy Scorpion
Kadyan
15:04 Feudal Age
15:30 Horse Collar
20:25 Double-Bit Axe
30:25 Castle Age
49:23 Imperial Age
57:17 Elite Serjeant
Connection lost

Rejoining the realm…

Still unreachable

The connection could not be restored.

Session expired

The server has moved on; the page needs a fresh start.